Map: Mech Depot LE

Players

Serral - Winner!

  • Race: Zerg Zerg
  • Spawn Location: 1:00

TRUE

  • Race: Zerg Zerg
  • Spawn Location: 7:00

Event: 2017 WCS Global Finals

VOD

Have the link to the VOD?

Description

Time

  • Played on: Oct. 28, 2017, 4:38 p.m.
  • Length: 9:43

All games in this series

Show
View Real Time Build Order
Export as new Build Order

Serral Zerg - Winner!

Build Orders: Hatch First 

Get SALT Encoding   

  12  0:00  Drone  
  13  0:12  Overlord  
  13  0:16  Drone  
  14  0:31  Drone x2  
  14  0:35  Drone  
  17  0:51  Hatchery  
  17  0:56  Drone  
  17  0:58  Drone  
  17  1:03  Extractor  
  17  1:13  Spawning Pool  
  17  1:16  Drone  
  17  1:19  Drone  
  18  1:28  Drone  
  19  1:38  Overlord  
  19  1:59  Queen  
  19  2:00  Zergling x4  
  23  2:02  Metabolic Boost  
  23  2:03  Queen  
  23  2:07  Zergling x2  
  26  2:10  Drone  
  26  2:14  Drone  
  28  2:22  Drone  
  29  2:26  Zergling x2  
  30  2:33  Zergling x2  
  31  2:37  Zergling x2  
  32  2:45  Hatchery  
  32  2:48  Zergling x4  
  33  2:55  Zergling x2  
  33  2:58  Zergling x2  
  35  3:04  Overlord  
  35  3:08  Zergling x2  
  36  3:20  Baneling Nest  
  36  3:22  Zergling x6  
  36  3:24  Zergling x6  
  36  3:26  Drone  
  42  3:31  Drone  
  42  3:33  Drone  
  42  3:40  Drone x2  
  43  3:47  Overlord  
  43  3:55  Drone x2  
  44  4:00  Drone x4  
  44  4:03  Drone  
  44  4:08  Drone  
  44  4:09  Drone  
  47  4:12  Baneling x5  
  47  4:16  Queen  
  47  4:23  Roach Warren  
  47  4:24  Extractor  
  47  4:31  Zergling x8  
  48  4:40  Baneling  
  48  4:41  Drone x2  
  48  4:43  Drone x2  
  52  4:48  Extractor  
  52  4:53  Drone  
  52  4:55  Overlord  
  52  4:58  Overlord  
  53  5:04  Roach  
  53  5:05  Roach  
  57  5:14  Lair, Drone  
  53  5:15  Drone x6  
  60  5:23  Queen x2  
  60  5:25  Drone x2  
  60  5:27  Drone  
  67  5:35  Roach x3  
  73  5:41  Spore Crawler  
  73  5:42  Spore Crawler x2  
  71  5:44  Roach, Spore Crawler  
  72  5:51  Drone  
  72  5:59  Queen  
  72  6:00  Overlord  
  72  6:02  Overlord  
  74  6:06  Drone  
  74  6:10  Drone  
  74  6:11  Overlord  
  74  6:12  Glial Reconstitution  
  74  6:17  Overlord  
  74  6:18  Queen  
  74  6:19  Queen  
  74  6:21  Drone x2  
  74  6:22  Drone x2  
  74  6:24  Drone x2  
  83  6:28  Roach  
  83  6:29  Roach  
  85  6:36  Roach  
  85  6:40  Queen  
  86  6:47  Extractor, Nydus Network  
  86  6:51  Roach x4  
  92  6:56  Queen  
  92  6:57  Queen  
  96  7:04  Drone x4  
  96  7:20  Queen  
  98  7:24  Nydus Canal  
  98  7:29  Overlord x3  
  98  7:32  Queen  
  98  7:33  Roach x2, Queen  
  106  7:41  Overlord x3  
  105  7:48  Nydus Canal  
  105  7:55  Queen  
  107  8:02  Roach x2  
  107  8:04  Roach x3  
  117  8:06  Spore Crawler  
  117  8:07  Spore Crawler  
  117  8:10  Roach  
  117  8:11  Spore Crawler  
  114  8:15  Roach x2  
  114  8:16  Roach x2  
  114  8:17  Roach x2  
  118  8:20  Roach  
  118  8:21  Roach  
  118  8:27  Roach x2  
  118  8:31  Queen  
  122  8:41  Queen x2  
  122  8:50  Roach x2  
  122  8:52  Roach x2  
  116  8:57  Roach  
  116  8:59  Roach  
  114  9:03  Roach x2  
  114  9:07  Queen  
  120  9:16  Roach  
  122  9:19  Roach  
  122  9:22  Roach  
  122  9:23  Roach  
Show
View Real Time Build Order
Export as new Build Order

TRUE Zerg 

Build Orders: Hatch First 

Get SALT Encoding   

  12  0:00  Drone  
  13  0:12  Overlord  
  13  0:16  Drone  
  14  0:30  Drone x2  
  14  0:34  Drone  
  17  0:52  Hatchery  
  17  0:54  Drone  
  17  0:58  Drone  
  18  1:05  Extractor  
  17  1:13  Spawning Pool  
  17  1:15  Drone  
  17  1:19  Drone  
  18  1:28  Drone  
  19  1:39  Overlord  
  19  1:51  Drone  
  20  1:59  Queen  
  20  2:00  Drone  
  23  2:03  Queen, Drone  
  26  2:08  Metabolic Boost  
  26  2:10  Drone  
  26  2:15  Drone  
  28  2:21  Drone  
  29  2:25  Drone  
  30  2:32  Zergling x2  
  30  2:36  Zergling x2  
  32  2:40  Hatchery  
  32  2:42  Zergling x2  
  32  2:47  Zergling x2  
  32  2:50  Baneling Nest  
  32  2:55  Drone  
  32  2:57  Queen  
  35  3:02  Overlord  
  35  3:04  Drone  
  36  3:21  Drone  
  36  3:22  Drone x3  
  36  3:23  Drone  
  36  3:26  Drone  
  42  3:28  Drone  
  42  3:31  Drone  
  42  3:33  Drone  
  44  3:41  Baneling x2  
  44  3:46  Lair  
  44  3:47  Overlord  
  44  3:53  Zergling x2  
  43  3:56  Zergling x2  
  43  4:00  Zergling x4  
  42  4:03  Zergling x4  
  42  4:06  Zergling x2  
  45  4:11  Queen  
  45  4:12  Zergling x2  
  45  4:13  Zergling x2  
  45  4:14  Baneling  
  45  4:15  Baneling  
  49  4:20  Drone x3  
  52  4:28  Extractor  
  51  4:33  Baneling x2  
  45  4:39  Zergling x4  
  45  4:44  Zergling x4  
  49  4:45  Drone x2  
  49  4:46  Drone  
  49  4:47  Overlord  
  49  4:49  Extractor, Overlord  
  51  5:03  Overlord  
  51  5:06  Baneling  
  52  5:16  Drone x8  
  52  5:19  Extractor  
  59  5:23  Zergling x4  
  59  5:25  Zergling x4  
  59  5:28  Spire  
  62  5:34  Drone  
  62  5:35  Drone  
  64  5:39  Hatchery  
  64  5:42  Drone x2  
  63  5:50  Drone x2, Zergling x2  
  63  5:53  Zergling x2  
  66  6:05  Overlord  
  66  6:11  Hatchery  
  66  6:12  Overlord  
  66  6:14  Drone x3  
  67  6:20  Overlord  
  62  6:41  Mutalisk x7  
  62  6:42  Mutalisk  
  62  6:45  Drone x3  
  80  6:48  Evolution Chamber, Queen  
  81  6:55  Overlord  
  81  6:57  Mutalisk  
  81  7:00  Drone  
  84  7:04  Mutalisk  
  84  7:06  Extractor  
  84  7:07  Extractor, Overlord  
  82  7:11  Overlord  
  82  7:13  Overlord  
  82  7:14  Zerg Melee Weapons Level 1  
  82  7:16  Overlord  
  82  7:23  Mutalisk  
  82  7:29  Zergling x2  
  85  7:31  Zergling x6  
  88  7:38  Overlord  
  88  7:40  Zergling x6  
  88  7:41  Zergling x2  
  88  7:42  Zergling x2  
  93  7:45  Zergling x4  
  93  7:46  Mutalisk  
  93  7:47  Mutalisk x2  
  101  7:52  Mutalisk  
  101  7:58  Mutalisk  
  103  8:01  Mutalisk  
  107  8:06  Spine Crawler  
  107  8:08  Spine Crawler  
  103  8:15  Mutalisk x2  
  103  8:18  Zergling x6  
  103  8:19  Zergling x6  
  102  8:22  Mutalisk  
  101  8:27  Zergling x2  
  101  8:28  Zergling x4  
  101  8:30  Mutalisk  
  104  8:36  Mutalisk  
  104  8:39  Mutalisk  
  100  8:49  Mutalisk  
  100  8:50  Mutalisk  
  94  8:58  Mutalisk  
  94  9:02  Zergling x2  
  83  9:03  Zergling x10  
  83  9:05  Zergling x2  
  83  9:09  Zergling x2  
  91  9:10  Zergling x2  
  91  9:15  Mutalisk  
Tags
 
Add a new tag
Caveats
  • Supply blocks, unpowered buildings, or Contaminate may cause inaccurate times.
  • Supply counts are checked every 10 seconds.